 Dungeon Crawl Stone Soup version 0.30-a0-451-ge042605de7 (webtiles) character file.

Game seed: 1647846042126241568

663321 AigisTheKnight the Petrodigitator (level 27, -12/153 HPs)
             Began as a Gargoyle Earth Elementalist on Dec 11, 2022.
             Was the Champion of the Shining One.
             Killed from afar by an orb of fire (23 damage)
             ... with a bolt of fire
             ... on level 5 of the Realm of Zot on Dec 12, 2022.
             The game lasted 05:16:52 (98528 turns).

AigisTheKnight the Petrodigitator (GrEE)           Turns: 98528, Time: 05:16:52

Health: -12/153    AC: 51    Str: 15    XL:     27
Magic:  13/61      EV: 19    Int: 27    God:    the Shining One [******]
Gold:   2880       SH: 26    Dex: 15    Spells: 14/67 levels left

rFire   + . .      SeeInvis .    y - +18 lance "Wyrmbane" {slay drac, rPois rF+ rC+ AC+3}
rCold   + + .      Faith    .    e - +2 kite shield {AC+3}
rNeg    + + +      Spirit   .    Z - +5 scale mail of Twilight {Will++}
rPois   ∞          Reflect  .    (no helmet)
rElec   +          Harm     .    H - scarf {rC+ rF+}
rCorr   .          Rampage  .    V - +2 pair of gloves {Dex+3}
Will    +++++                    M - +1 pair of boots {Stlth+}
Stlth   +.........               T - amulet of magic regeneration
HPRegen 0.45/turn                D - ring of the Open Hand {Will+ Dex+4}
MPRegen 0.77/turn                N - ring of Xaytesys {MP+9 EV+4}

@: divinely shielded, swift, about to teleport, flying, glowing, studying 4
skills, unable to read, unable to drink, very quick
A: sickness immunity, AC +20, big wings, negative energy resistance 1,
electricity resistance, torment resistance 1, petrification resistance, clumsy
1, frail 1, high MP 1, heat vulnerability 1, subdued magic 1, inability to drink
after injury 1, inability to read after injury 1
}: 4/15 runes: serpentine, barnacled, slimy, silver
a: Renounce Religion, Divine Shield, Cleansing Flame, Summon Divine Warrior,
Brand Weapon With Holy Wrath


You were on level 5 of the Realm of Zot.
You worshipped the Shining One.
The Shining One was exalted by your worship.
You visited 11 branches of the dungeon, and saw 55 of its levels.
You visited the Abyss 1 time.
You visited 1 bazaar.
You also visited: Gauntlet, Ice Cave and Desolation.

You collected 7550 gold pieces.
You spent 4670 gold pieces at shops.

Inventory:

Hand Weapons
 y - the +18 lance "Wyrmbane" (weapon) {slay drac, rPois rF+ rC+ AC+3}
   (You found it on level 5 of the Dungeon)

   It inflicts extra damage against dragons and draconians.
   AC:        It affects your AC (+3).
   rF:        It protects you from fire.
   rC:        It protects you from cold.
   rPois:     It protects you from poison.
Armour
 a - a +2 helmet of intelligence
 e - a +2 kite shield of protection (worn)
 k - a +2 kite shield of fire resistance
 H - a scarf of resistance (worn)
 J - a +2 tower shield of protection
 M - a +1 pair of boots of stealth (worn)
 V - a +2 pair of gloves of dexterity (worn)
 X - the +0 faerie dragon scales {rCorr Slay+3 SInv}
   (You took it off the Enchantress on level 4 of the Depths)

   Slay:      It affects your accuracy & damage with ranged weapons and melee
   (+3).
   SInv:      It lets you see invisible.
   rCorr:     It protects you from acid and corrosion.
 Z - the +5 scale mail of Twilight (worn) {Will++}
   (You found it in a Gauntlet)

   Will:      It greatly increases your willpower.
Magical Staves
 s - a staff of earth
Jewellery
 g - the ring of the Tortoise {AC+8}
   (You found it on level 4 of the Shoals)

   [ring of protection]

   AC:        It affects your AC (+8).
 h - a ring of wizardry
 t - an amulet of regeneration
 w - a ring of protection from fire
 D - the ring of the Open Hand (left hand) {Will+ Dex+4}
   (You found it on level 5 of the Pits of Slime)

   [ring of willpower]

   Dex:       It affects your dexterity (+4).
   Will:      It increases your willpower.
 N - the ring of Xaytesys (right hand) {MP+9 EV+4}
   (You found it in the Desolation of Salt)

   [ring of evasion]

   EV:        It affects your evasion (+4).
   MP:        It affects your magic capacity (+9).
 R - the ring "Wazio" {Int+6 Stlth+}
   (You took it off a deep elf death mage on level 3 of the Elven Halls)

   [ring of intelligence]

   Int:       It affects your intelligence (+6).
   Stlth:     It makes you more stealthy.
 T - an amulet of magic regeneration (around neck)
Wands
 n - a wand of acid (36)
 E - a wand of charming (38)
 F - a wand of roots (48)
 S - a wand of digging (25)
Scrolls
 f - 12 scrolls of immolation
 i - 2 scrolls of brand weapon
 j - 9 scrolls of magic mapping
 m - 11 scrolls of poison
 q - 5 scrolls of silence
 r - 35 scrolls of teleportation
 v - 10 scrolls of enchant weapon
 A - 7 scrolls of amnesia
 I - a scroll of summoning
 K - 8 scrolls of blinking
 P - 11 scrolls of fear
 Q - 5 scrolls of enchant armour
 U - 4 scrolls of fog
Potions
 b - 6 potions of magic
 c - 9 potions of haste
 d - 27 potions of curing
 l - 5 potions of berserk rage
 o - 6 potions of might
 p - 2 potions of cancellation
 u - 8 potions of lignification
 x - 4 potions of ambrosia
 z - 17 potions of brilliance
 C - 2 potions of heal wounds
 G - 9 potions of resistance
 L - 5 potions of mutation
Miscellaneous
 B - a lightning rod (4/4)
 W - a phantom mirror (inert)


   Skills:
 + Level 16.9 Fighting
 - Level 15.9 Polearms
 - Level 23.7 Armour
 - Level 13.2 Dodging
 - Level 3.5 Stealth
 + Level 16.0 Shields
 - Level 20.5 Spellcasting
 - Level 17.1 Conjurations
 + Level 11.8 Summonings
 - Level 4.8 Translocations
 - Level 1.0 Transmutations
 - Level 5.2 Air Magic
 O Level 27 Earth Magic
 - Level 9.8 Invocations


You had 14 spell levels left.
You knew the following spells:

 Your Spells              Type           Power      Damage    Failure   Level
a - Sandblast             Erth           100%       2d20      0%          1
b - Stone Arrow           Conj/Erth      100%       3d13      0%          3
c - Passwall              Tmut/Erth      56%        N/A       0%          2
d - Blink                 Tloc           82%        N/A       1%          2
e - Swiftness             Air            42%        N/A       1%          3
f - Iron Shot             Conj/Erth      42%        9d8       1%          6
g - Lee's Rapid Deconstr  Erth           46%        3d22*     0%          5
h - Shatter               Erth           46%        3d36*     6%          9
i - Passage of Golubria   Tloc           41%        N/A       5%          4
j - Spellforged Servitor  Conj/Summ      34%        N/A       9%          7
k - Summon Forest         Summ/Tloc      27%        N/A       3%          5
l - Summon Cactus Giant   Summ           31%        N/A       4%          6

Your spell library contained the following spells:

 Spells                   Type           Power      Damage    Failure   Level
 Magic Dart               Conj           100%       1d8       0%          1
 Searing Ray              Conj           100%       2d8       0%          2
 Animate Armour           Summ/Erth      100%       N/A       0%          4
 Apportation              Tloc           82%        N/A       1%          1
 Shock                    Conj/Air       100%       1d9       1%          1
 Call Imp                 Summ           63%        N/A       1%          2
 Momentum Strike          Conj/Tloc      100%       3d10      1%          2
 Poisonous Vapours        Pois/Air       64%        N/A       1%          2
 Static Discharge         Conj/Air       100%       2-7/arc   1%          2
 Call Canine Familiar     Summ           63%        N/A       1%          3
 Gell's Gravitas          Tloc           41%        N/A       1%          3
 Hailstorm                Conj/Ice       54%        3d12      1%          3
 Lesser Beckoning         Tloc           82%        N/A       1%          3
 Mephitic Cloud           Conj/Pois/Air  51%        N/A       1%          3
 Teleport Other           Tloc           41%        N/A       1%          3
 Vhi's Electric Charge    Tloc/Air       84%        N/A       1%          3
 Flame Wave               Conj/Fire      54%        2d13      1%          4
 Fulminant Prism          Conj/Hex       27%        3d13      1%          4
 Iskenderun's Mystic Bla  Conj/Tloc      61%        2d13      1%          4
 Leda's Liquefaction      Hex/Erth       33%        N/A       1%          4
 Petrify                  Tmut/Erth      68%        N/A       1%          4
 Sticky Flame             Conj/Fire      54%        2d7       1%          4
 Arcjolt                  Conj/Air       30%        1d40      1%          5
 Borgnjor's Vile Clutch   Necr/Erth      33%        N/A       1%          5
 Iskenderun's Battlesphe  Conj           75%        2d12      1%          5
 Kindle Blastsparks       Fire/Tloc/Air  70%        2d15      2%          3
 Irradiate                Conj/Tmut      28%        3d21      2%          5
 Orb of Destruction       Conj           37%        9d11      2%          7
 Lehudib's Crystal Spear  Conj/Erth      42%        10d10     2%          8
 Freeze                   Ice            84%        1d9       3%          1
 Necrotise                Necr           84%        1d8       3%          1
 Sting                    Tmut/Pois      92%        1d7       3%          1
 Wereblood                Tmut           25%        N/A       3%          2
 Summon Ice Beast         Ice/Summ       46%        N/A       3%          4
 Fireball                 Conj/Fire      27%        3d12      3%          5
 Portal Projectile        Hex/Tloc       62%        N/A       4%          3
 Airstrike                Air            21%        2d(3-19)  4%          4
 Manifold Assault         Tloc           41%        N/A       5%          4
 Scorch                   Fire           42%        2d7       6%          2
 Conjure Ball Lightning   Conj/Air       30%        3x3d10    6%          6
 Summon Mana Viper        Hex/Summ       46%        N/A       10%         5
 Ignite Poison            Fire/Tmut/Pois 22%        N/A       11%         3
 Frozen Ramparts          Ice            42%        1d7       12%         3
 Inner Flame              Hex/Fire       21%        N/A       12%         3
 Ozocubu's Armour         Ice            21%        N/A       12%         3
 Tukima's Dance           Hex            21%        N/A       12%         3
 Summon Hydra             Summ           31%        N/A       26%         7
 Anguish                  Hex/Necr       10%        N/A       38%         4
 Cause Fear               Hex            10%        N/A       38%         4
 Dispel Undead            Necr           21%        3d11      38%         4
 Olgreb's Toxic Radiance  Pois           21%        N/A       38%         4
 Blade Hands              Tmut           12%        N/A       61%         5
 Dispersal                Tloc           20%        N/A       67%         6
 Alistair's Intoxication  Tmut/Pois      15%        N/A       69%         5
 Yara's Violent Unravell  Hex/Tmut       11%        3d6       69%         5
 Agony                    Necr           21%        N/A       77%         5
 Metabolic Englaciation   Hex/Ice        10%        N/A       77%         5
 Summon Horrible Things   Summ           31%        N/A       92%         8
 Eringya's Noxious Bog    Tmut/Pois      11%        N/A       99%         6
 Simulacrum               Ice/Necr       10%        N/A       100%        6
 Ozocubu's Refrigeration  Ice            10%        4d9       100%        7
 Borgnjor's Revivificati  Necr           10%        N/A       100%        8
 Discord                  Hex            10%        N/A       100%        8
 Disjunction              Tloc           20%        N/A       100%        8
 Ignition                 Fire           10%        3d5       100%        8
 Maxwell's Capacitive Co  Air            21%        ∞         100%        8
 Necromutation            Tmut/Necr      11%        N/A       100%        8
 Chain Lightning          Conj/Air       30%        3d40      100%        9
 Death's Door             Necr           10%        N/A       100%        9
 Fire Storm               Conj/Fire      27%        8d7       100%        9
 Statue Form              Tmut/Erth      Unusable   N/A       N/A         6
 Cigotuvi's Dreadful Rot  Necr/Pois/Air  Unusable   N/A       N/A         2

Dungeon Overview and Level Annotations

Branches:
Dungeon (15/15)              Lair (5/5) D:10         Shoals (4/4) Lair:2
  Snake (4/4) Lair:3        Slime (5/5) Lair:4          Orc (2/2) D:10
    Elf (3/3) Orc:2        Vaults (5/5) D:14          Crypt (3/3) Vaults:3
   Tomb (0/3) Crypt:3      Depths (4/4) D:15            Zot (5/5) Depths:4
  IceCv (visited)         Desolation (visited)      Gauntlet (visited)
 Temple: D:4-7

Altars:
Cheibriados
Dithmenos
Elyvilon
Fedhas
Gozag
Kikubaaqudgha
Okawaru
Qazlal
Trog
Wu Jian
Xom
Yredelemnul
The Shining One
Jiyva

Shops:
D:1 (   D:3 *=(:*   D:9 *   Orc:2 ?:=!!   Elf:2 (   Vaults:1 :   Zot:3 *
Depths:1 ((   Depths:3 (   Depths:4 *[

Portals:
Hell: Depths:1 Depths:2 Depths:3 Depths:4
Abyss: Depths:3
Pandemonium: Depths:2
Ziggurat: Depths:2

Annotations:
Elf:1 1 runed translucent door
Zot:3 1 transporter
Zot:4 Tiamat


Innate Abilities, Weirdness & Mutations

You are immune to sickness and miasma.
Your stone body is resilient. (AC +20)
You are immune to poison.
Your large and strong wings let you fly.
You resist negative energy. (rN+)
You are resistant to electric shocks. (rElec)
You are resistant to unholy torment.
You are immune to petrification.
You are clumsy. (Dex -2)
You are frail. (-10% HP)
You have an increased reservoir of magic. (+10% MP)
You are vulnerable to heat. (rF-)
Your spells are a little easier to cast, but a little less powerful.
You occasionally lose the ability to drink potions when taking damage.
You occasionally lose the ability to read scrolls when taking damage.


Message History

Unknown command.
You hit the orb of fire but do no damage.
You puncture the orb of fire!
The orb of fire is lightly damaged.
You closely miss the orb of fire.
The orb of fire is lightly damaged.
You puncture the orb of fire!
The orb of fire is lightly damaged.
The orb of fire emits a lurid red light.
Strange energies course through your body.
You occasionally lose the ability to drink potions when taking damage.
You closely miss the orb of fire.
The orb of fire is lightly damaged.
The orb of fire glows deep purple.
The fireball explodes!
The fireball engulfs you!! You resist.
You feel threatened and lose the ability to drink potions!
The fireball engulfs the orb of fire.
The orb of fire completely resists.
You puncture the orb of fire!
The orb of fire is moderately damaged.
You hit the orb of fire but do no damage.
The orb of fire is moderately damaged.
The orb of fire glows yellow.
The fireball explodes!
The fireball engulfs you!! You resist.
* * * LOW HITPOINT WARNING * * *
The fireball engulfs the orb of fire.
The orb of fire completely resists.
Unknown command.
You fail to use your ability.
The orb of fire glows yellow.
The fireball explodes!
The fireball engulfs you! You resist.
* * * LOW HITPOINT WARNING * * *
The fireball engulfs the orb of fire.
The orb of fire completely resists.
Aiming: Phantom Mirror
Press: ? - help, Q - select action, (/) - cycle Dir - move target, f - orb of fire
Aim: an orb of fire (moderately damaged, haloed)
You reflect the orb of fire with the mirror!
The mirror clouds!
An electric golem comes into view.
The orb of fire emits a lurid red light.
The bolt of fire hits you!! You resist.
You die...

...## ##....##......).... .##*
.####)[...[...^..... ▓* ...
#▓▓▓▓▓▓▓▓▓▓▓##.. *
..#▓▓▓▓...^.....^. *** ##
#.▓..^........... ,,**
..##................ ,,,*
▓▓▓▓▓▓▓▓▓▓.........*........
.^,*▓▓.......▓▓▓.................
..,▓▓.........▓▓@..........^.....
...▓.^.........▓.*...............
....§.†..0...†.9..*^......^[.....
...▓...........▓.................
..,▓▓.........▓▓..^..............
.,,*▓▓.....^.▓▓▓...^.............
,,,* ▓▓▓▓▓▓▓▓▓ ▓.................
,,** ▓▓................ ***
▓▓▓..............


You could see an orb of fire (ally target), an electric golem and a friendly orb
of fire (summoned, drained).

Vanquished Creatures
  the Royal Jelly (Slime:5)
  An ancient lich (Zot:3)
  7 dread liches
  3 orbs of fire
  The ghost of Kawoqao the Minotaur Barricade, a legendary MiBe of Trog (Zot:3)
  A juggernaut (Depths:3)
  Josephina (Zot:4)
  3 Killer Klowns (Zot:5)
  Margery (Depths:3)
  A curse toe (Zot:5)
  Vashnia (Snake:2)
  A caustic shrike (Depths:2)
  Jory (Crypt:3)
  the Enchantress (Depths:4)
  9 golden dragons
  A shard shrike zombie (Crypt:2)
  3 electric golems
  A bone dragon (Depths:4)
  Jorgrun (Orc:1)
  18 tentacled monstrosities
  22 Orb Guardians (Zot:5)
  2 liches
  Mlioglotl (Shoals:4)
  5 quicksilver dragons
  5 deep elf blademasters
  A titan (Vaults:5)
  22 acid blobs
  11 death cobs
  2 ancient champions (Crypt:2)
  Polyphemus (Shoals:1)
  3 sphinxes
  12 shadow dragons
  The ghost of lotum the Warrior, an adept HOCK of Xom (Orc:2)
  9 tengu reavers
  15 azure jellies
  10 storm dragons
  11 draconian monks
  2 revenants (Crypt:1)
  Roxanne (Shoals:4)
  6 draconian knights
  6 nagarajas
  16 rockslimes
  7 fire giants
  17 vault wardens
  9 frost giants
  5 deep elf sorcerers (Elf:3)
  4 ghost moths
  5 draconian shifters
  2 iron dragons
  A caustic shrike zombie (Crypt:3)
  2 draconian stormcallers (Zot:2)
  2 imperial myrmidons (Desolation)
  Aizul (Snake:1)
  3 curse skulls
  3 draconian annihilators
  4 draconian scorchers
  23 ironbound preservers
  3 orc warlords
  4 deep elf elementalists
  4 spriggan defenders
  11 ghouls
  12 stone giants
  A spectral Killer Klown (Zot:3)
  15 quicksilver oozes
  23 very ugly things
  10 ironbound thunderhulks
  4 war gargoyles
  4 deep elf demonologists
  5 purple draconians
  15 black draconians
  6 dire elephants (Vaults:1)
  10 white draconians
  4 spark wasps
  A minotaur (Gauntlet)
  11 red draconians
  2 halazid warlocks (Desolation)
  21 vampire knights
  11 deep elf annihilators
  A minotaur (shapeshifter) (Vaults:4)
  7 yellow draconians
  12 green draconians
  3 crystal guardians
  An acid blob zombie (Crypt:3)
  8 ettins
  9 merfolk javelineers
  15 merfolk impalers
  2 eidola
  11 deep elf death magi
  A quicksilver dragon zombie (Depths:3)
  A blizzard demon (Abyss:1)
  7 fire dragons
  14 yaktaur captains
  A spectral golden dragon (Zot:3)
  3 entropy weavers
  10 ragged hierophants (Desolation)
  20 jiangshi
  A quicksilver dragon skeleton (Depths:3)
  38 vault guards
  12 hydras
  8 servants of whispers (Desolation)
  6 deep elf high priests
  10 great orbs of eyes
  A spriggan zombie (Depths:3)
  9 salamander tyrants
  2 rakshasas (D:15)
  9 ice dragons
  4 merfolk avatars
  7 peacekeepers
  A hell beast (Depths:2)
  8 ironbound frosthearts
  6 spriggan air magi
  A fenstrider witch skeleton (Crypt:2)
  4 ogre magi
  7 catoblepae
  3 two-headed ogres
  2 alligator snapping turtles (Shoals:4)
  9 anacondas
  A satyr (shapeshifter) (D:13)
  7 boulder beetles
  27 dancing weapons
  4 merfolk aquamancers
  18 naga warriors
  A spectral draconian (Zot:3)
  14 death yaks
  21 centaur warriors
  5 deep troll shamans
  9 tengu warriors
  6 deep troll earth magi
  A spectral storm dragon (Zot:3)
  A titan zombie (Crypt:3)
  A shock serpent (shapeshifter) (D:15)
  5 shock serpents
  5 spriggan berserkers
  13 vampire magi
  10 deep elf knights (Elf:2)
  A soul eater (Crypt:2)
  4 hell knights
  18 naga sharpshooters
  Sonja (Lair:1)
  2 wretched stars (Abyss:1)
  A fire crab (D:13)
  4 iron trolls
  4 shadow wraiths
  A death drake (shapeshifter) (Depths:3)
  43 skeletal warriors
  3 anaconda zombies
  A death drake (Zot:2)
  A spark wasp zombie (Depths:3)
  4 sixfirhies
  7 salamander mystics
  16 sea snakes
  68 deep trolls
  3 bog bodies
  3 swamp dragons (Zot:2)
  4 orb spiders (Zot:3)
  A quicksilver dragon simulacrum (Zot:3)
  4 glowing orange brains
  7 wizards
  A glowing orange brain (shapeshifter) (Vaults:5)
  20 ironbound convokers
  A lindwurm (shapeshifter) (Vaults:5)
  2 flayed ghosts (Crypt:3)
  13 deep elf archers
  2 tengu zombies
  8 naga ritualists
  An orange crystal statue (IceCv)
  29 deep elf zephyrmancers
  A sphinx zombie (Depths:3)
  A golden dragon skeleton (Depths:3)
  Pikel (D:4)
  A sea snake (shapeshifter) (Vaults:5)
  23 harpies
  9 necromancers
  21 phantasmal warriors
  8 lindwurms
  8 fauns
  10 mana vipers
  4 shining eyes
  24 deep elf pyromancers
  An iron dragon zombie (Crypt:3)
  12 cyclopes
  An orc sorcerer (Elf:1)
  9 orc knights
  19 salamanders
  A wolf spider (shapeshifter) (Depths:2)
  A faun (shapeshifter) (Vaults:5)
  2 stone giant zombies
  18 manticores
  8 merfolk sirens
  52 ugly things
  25 moths of wrath
  A salamander (shapeshifter) (Vaults:5)
  5 elephants (Lair:2)
  45 black mambas
  A centaur zombie (Crypt:3)
  14 naga magi
  4 eyes of devastation
  10 guardian serpents
  Joseph (Lair:1)
  An eye of devastation (shapeshifter) (Vaults:4)
  14 vault sentinels
  5 water nymphs
  An orange demon (Depths:2)
  A dire elephant zombie (Crypt:2)
  A black draconian zombie (Crypt:1)
  2 smoke demons
  9 cane toads
  5 gargoyles
  A shock serpent skeleton (Crypt:3)
  17 rime drakes
  An unseen horror (shapeshifter) (Vaults:4)
  33 yaktaurs
  2 kobold demonologists
  3 efreet
  11 komodo dragons
  2 freezing wraiths
  2 tengu conjurers
  2 golden dragon simulacra
  3 guardian mummies (Crypt:1)
  4 harpy zombies
  An ice devil (Gauntlet)
  A hellwing (Depths:2)
  A pale draconian skeleton (Crypt:3)
  7 trolls
  38 merfolk
  A shadow dragon simulacrum (Zot:4)
  A troll (shapeshifter) (Elf:2)
  11 wind drakes
  24 polar bears
  A queen bee (shapeshifter) (Vaults:5)
  A hydra skeleton (Crypt:3)
  9 hornets
  2 raiju (Zot:2)
  53 saltlings (Desolation)
  A harpy skeleton (Crypt:3)
  A tarantella (shapeshifter) (Vaults:5)
  A blink frog (shapeshifter) (D:14)
  144 slime creatures
  25 blink frogs
  3 tarantellas
  A draconian simulacrum (Zot:3)
  10 snapping turtles
  13 dream sheep
  A culicivora (Vaults:3)
  Sigmund (D:2)
  17 spriggans
  A vampire (D:12)
  21 water elementals
  4 shadows
  A hog (shapeshifter) (D:15)
  A human (shapeshifter) (D:13)
  11 wraiths
  2 wyverns
  9 golden eyes (Slime:4)
  5 fire elementals
  4 ynoxinuls
  70 yaks
  Grum (D:10)
  2 steam dragons
  A nameless horror (Zot:5)
  7 vampire mosquitoes
  3 redbacks
  Menkaure (D:4)
  2 white draconian simulacra (Zot:4)
  A yellow draconian simulacrum (Zot:4)
  A warg (D:10)
  The ghost of bakla the Insei, an amateur OpTm (D:3)
  52 nagas
  4 acid dragons
  6 water moccasins
  Duvessa (D:7)
  8 hydra simulacra (Depths:3)
  A swamp drake (D:10)
  A hell hound (Gauntlet)
  A deep troll skeleton (Crypt:2)
  30 orc warriors
  A black bear (D:6)
  An ice beast (D:6)
  6 ogres
  5 boggarts (Vaults:4)
  26 centaurs
  14 wolves
  A swamp dragon skeleton (Crypt:3)
  A phantom (D:5)
  A hog skeleton (Crypt:2)
  10 bullfrogs
  A small abomination (Abyss:1)
  A kobold brigand (D:7)
  A naga simulacrum (Crypt:3)
  4 necrophages
  4 earth elementals
  2 scorpions
  6 wights
  Dowan (D:7)
  A troll zombie (Crypt:2)
  4 killer bees
  3 electric eels
  4 lava snakes
  A basilisk zombie (Crypt:1)
  A hound (D:5)
  10 jellies
  A gnoll bouda (D:10)
  12 orc priests
  A black bear skeleton (Crypt:2)
  2 human zombies
  An iron imp (D:10)
  Natasha (D:3)
  2 human skeletons
  3 iguanas
  15 orc wizards
  5 lightning spires (Zot:2)
  An ice beast zombie (Crypt:3)
  A deep dwarf zombie (Crypt:1)
  6 naga zombies
  A tengu skeleton (Crypt:1)
  5 mummies (Crypt:1)
  15 gnolls
  9 adders
  2 shadow imps (D:7)
  A steam dragon skeleton (Crypt:3)
  4 white imps
  An iguana skeleton (Crypt:2)
  3 dart slugs
  58 orcs
  4 ball pythons
  10 endoplasms
  6 giant cockroaches
  8 hobgoblins
  3 jackals (D:2)
  4 quokkas
  3 bats
  2 frilled lizards
  11 goblins
  A goblin skeleton (Crypt:1)
  A hobgoblin skeleton (Crypt:3)
  12 kobolds
  A rat (D:1)
  A fire vortex (D:14)
2597 creatures vanquished.

Vanquished Creatures (collateral kills)
  An ancient lich (Crypt:2)
  A reaper (Crypt:2)
  A purple draconian (Zot:5)
  3 skeletal warriors (Crypt:2)
  A shadow dragon skeleton (Crypt:2)
  A jorogumo skeleton (Crypt:2)
  A dire elephant zombie (Crypt:2)
9 creatures vanquished.

Vanquished Creatures (others)
  A quicksilver dragon (Zot:2)
  A draconian monk (Zot:2)
  A draconian shifter (Zot:2)
  2 black draconians (Zot:2)
  A shock serpent (Zot:2)
  2 sixfirhies (Zot:2)
  An ironbound convoker (Desolation)
  A deep elf pyromancer (Elf:1)
  A deep elf zephyrmancer (Elf:1)
  A manticore (D:13)
  A yak (D:8)
  A centaur (D:14)
  A gnoll (Orc:1)
  5 ball lightnings (Zot:2)
  20 fungi
  93 plants
  2 starspawn tentacles (Shoals:4)
  16 withered plants
151 creatures vanquished.

Grand Total: 2757 creatures vanquished

Notes
Turn   | Place    | Note
-------+----------+-------------------------------------------
     0 | D:1      | AigisTheKnight the Gargoyle Earth Elementalist began the
                  | quest for the Orb.
     0 | D:1      | Reached XP level 1. HP: 10/10 MP: 3/3
   139 | D:1      | Found Ihadiupt's Antique Weapon Emporium.
   187 | D:1      | Reached skill level 1 in Transmutations
   187 | D:1      | Reached XP level 2. HP: 15/15 MP: 3/5
  1342 | D:2      | Reached XP level 3. HP: 20/20 MP: 3/6
  1425 | D:2      | Found a faded altar of an unknown god.
  1464 | D:2      | Noticed Sigmund
  1526 | D:2      | Reached skill level 4 in Earth Magic
  1656 | D:1      | Learned a level 3 spell: Stone Arrow
  1659 | D:1      | Learned a level 2 spell: Passwall
  1674 | D:1      | Reached skill level 1 in Fighting
  1674 | D:1      | Reached skill level 1 in Conjurations
  1742 | D:2      | Reached XP level 4. HP: 21/25 MP: 3/7
  2237 | D:3      | Found Afeux Topp's Jewellery Shoppe.
  2358 | D:3      | Found Atwop's Weapon Shoppe.
  2379 | D:3      | Found Sujif's Book Boutique.
  2449 | D:3      | Found Xiacaq's Assorted Antiques.
  2502 | D:3      | Found a runed translucent door.
  2503 | D:3      | Noticed bakla's ghost (amateur OpTm)
  2550 | D:3      | Reached XP level 5. HP: 30/30 MP: 7/9
  2828 | D:3      | Noticed Natasha
  2830 | D:3      | Killed Natasha
  2916 | D:3      | Found a shimmering altar of Xom.
  2972 | D:3      | Found Jupparch's Assorted Antiques.
  3249 | D:4      | Reached XP level 6. HP: 33/35 MP: 4/10
  3521 | D:4      | Noticed Menkaure
  3538 | D:4      | Killed Menkaure
  3539 | D:4      | Reached skill level 5 in Earth Magic
  3647 | D:4      | Noticed Pikel
  3659 | D:4      | Killed Pikel
  3660 | D:4      | Reached XP level 7. HP: 22/42 MP: 1/12
  3977 | D:4      | Found a shadowy altar of Dithmenos.
  3987 | D:4      | Reached XP level 8. HP: 12/48 MP: 4/14
  4129 | D:4      | Found a blossoming altar of Fedhas.
  4342 | D:4      | Identified the +1 leather armour of Gestures {rElec Dex+3}
  4347 | D:4      | Found an ornate altar of the Wu Jian Council.
  4691 | D:5      | Entered Level 5 of the Dungeon
  4741 | D:5      | Found an opulent altar of Gozag.
  4892 | D:5      | Reached skill level 6 in Earth Magic
  4904 | D:5      | Found the +8 lance "Wyrmbane" {slay drac, rPois rF+ rC+
                  | AC+3}
  5022 | D:5      | Reached skill level 1 in Armour
  5470 | D:5      | Found an iron altar of Okawaru.
  6087 | D:6      | Reached skill level 1 in Polearms
  6132 | D:6      | Reached skill level 5 in Conjurations
  6132 | D:6      | Reached XP level 9. HP: 52/52 MP: 5/15
  6355 | D:6      | You fall into a shaft and drop 3 floors!
  6394 | D:9      | Noticed a centaur warrior
  6410 | D:9      | Killed a centaur warrior
  6411 | D:9      | Reached skill level 5 in Fighting
  6411 | D:9      | Reached skill level 7 in Earth Magic
  6508 | D:9      | Noticed a two-headed ogre
  6519 | D:9      | Killed a two-headed ogre
  6520 | D:9      | Reached skill level 5 in Spellcasting
  6647 | D:9      | Found Wesikuj's Elemental Accessories.
  6971 | D:9      | Reached XP level 10. HP: 60/60 MP: 18/18
  7020 | D:8      | Found a white marble altar of Elyvilon.
  7035 | D:8      | Reached skill level 5 in Dodging
  7077 | D:8      | Became a worshipper of Elyvilon the Healer
  7222 | D:7      | Noticed Dowan
  7233 | D:7      | Noticed Duvessa
  7240 | D:7      | Killed Duvessa
  7241 | D:7      | Reached skill level 8 in Earth Magic
  7252 | D:7      | Killed Dowan
  7334 | D:7      | Identified the ring of Liberty {Fire rElec rPois Will+
                  | Dex+4}
  7658 | D:7      | Found a glowing golden altar of the Shining One.
  7928 | D:7      | Fell from the grace of Elyvilon
  7928 | D:7      | Became a worshipper of the Shining One
  8599 | D:8      | Found the +10 Black Knight's barding {ponderous, rPois rN+}
  9175 | D:9      | Reached skill level 5 in Armour
  9339 | D:10     | Entered Level 10 of the Dungeon
  9717 | D:10     | Found a staircase to the Orcish Mines.
  9997 | D:10     | Noticed Grum
 10007 | D:10     | Identified the +1 chain mail of the Villain {rPois Dex+3}
 10009 | D:10     | Killed Grum
 10014 | D:10     | Reached XP level 11. HP: 55/67 MP: 1/20
 10132 | D:10     | Found a staircase to the Lair.
 10200 | D:10     | Found a bloodstained altar of Trog.
 10513 | D:10     | Found a snail-covered altar of Cheibriados.
 10513 | D:10     | Reached * piety under the Shining One
 10703 | D:10     | Learned a level 2 spell: Blink
 10743 | Lair:1   | Entered Level 1 of the Lair of Beasts
 10824 | Lair:1   | Reached skill level 1 in Translocations
 10826 | Lair:1   | Reached skill level 9 in Earth Magic
 10884 | Lair:1   | Noticed Sonja
 10903 | Lair:1   | Killed Sonja
 11118 | Lair:1   | Found a stormy altar of Qazlal.
 11118 | Lair:1   | Noticed Joseph
 11123 | Lair:1   | Killed Joseph
 11124 | Lair:1   | Reached skill level 5 in Polearms
 11781 | Lair:2   | Noticed a death yak
 11781 | Lair:2   | Noticed a death yak
 11782 | Lair:2   | Noticed a death yak
 11845 | Lair:1   | Killed a death yak
 11856 | Lair:1   | Killed a death yak
 11977 | Lair:1   | Upgraded the game from 0.30-a0-439-g9e77e4d916 to
                  | 0.30-a0-451-ge042605de7
 12002 | Lair:2   | Noticed a death yak
 12002 | Lair:2   | Noticed a death yak
 12002 | Lair:2   | Reached ** piety under the Shining One
 12030 | Lair:1   | Killed a death yak
 12031 | Lair:1   | Reached XP level 12. HP: 49/73 MP: 8/22
 12400 | Lair:2   | Reached skill level 10 in Earth Magic
 12897 | Lair:2   | You fall into a shaft and drop 2 floors!
 13223 | Lair:4   | Found a staircase to the Slime Pits.
 13413 | Lair:4   | Got the Folio of Remoulded Metal
 13706 | Lair:4   | Found a viscous altar of Jiyva.
 14198 | Lair:4   | Noticed a death yak
 14207 | Lair:4   | Noticed a death yak
 14207 | Lair:4   | Noticed a death yak
 14208 | Lair:4   | Noticed a death yak
 14422 | Lair:2   | Reached XP level 13. HP: 80/80 MP: 18/25
 14435 | Lair:2   | Reached skill level 11 in Earth Magic
 14574 | Lair:2   | Found a staircase to the Shoals.
 15458 | Lair:3   | Found a staircase to the Snake Pit.
 16724 | Lair:5   | Entered Level 5 of the Lair of Beasts
 16749 | Lair:4   | Reached skill level 10 in Fighting
 16757 | Lair:4   | Reached skill level 1 in Invocations
 17499 | Lair:5   | Reached skill level 12 in Earth Magic
 17709 | Lair:5   | Reached *** piety under the Shining One
 17759 | Lair:5   | Gained mutation: Your large and strong wings let you fly.
                  | [Gargoyle growth]
 17759 | Lair:5   | Reached XP level 14. HP: 50/88 MP: 11/27
 17961 | Lair:5   | Reached skill level 10 in Armour
 19434 | D:3      | Bought a book of Annihilations for 720 gold pieces
 19434 | D:3      | Bought a book of Air for 264 gold pieces
 19598 | D:3      | Killed bakla's ghost
 19979 | D:2      | Killed Sigmund
 20315 | Orc:1    | Entered Level 1 of the Orcish Mines
 20321 | Orc:1    | Noticed Jorgrun
 20914 | D:11     | Reached skill level 1 in Shields
 20923 | D:11     | Reached skill level 5 in Invocations
 20956 | D:11     | Found a gate leading to a gauntlet.
 20967 | Gauntlet | Entered a Gauntlet
 20967 | Gauntlet | Found a transporter.
 21065 | Gauntlet | Found a transporter.
 21080 | Gauntlet | Found a transporter.
 21085 | Gauntlet | Found a transporter.
 21102 | Gauntlet | Found a transporter.
 21110 | Gauntlet | Reached **** piety under the Shining One
 21120 | Gauntlet | Found a transporter.
 21132 | Gauntlet | Found a transporter.
 21144 | Gauntlet | Found a transporter.
 21156 | Gauntlet | Found a transporter.
 21166 | Gauntlet | Noticed a reaper
 21168 | Gauntlet | Found a transporter.
 21187 | Gauntlet | Found a transporter.
 21202 | Gauntlet | Found a transporter.
 21204 | Gauntlet | Found a transporter.
 21229 | Gauntlet | Found a transporter.
 21231 | Gauntlet | Found a transporter.
 21251 | Gauntlet | Found a transporter.
 21329 | Gauntlet | Found a transporter.
 21349 | Gauntlet | Found a transporter.
 21521 | Gauntlet | Learned a level 3 spell: Swiftness
 21689 | Gauntlet | Identified the +1 plate armour "Tudorghe" {Dex+3}
 21904 | Gauntlet | Identified the -2 pair of gloves of Generosity {Dex+3}
 22026 | Gauntlet | Identified the +5 scale mail of Twilight {Will++}
 22026 | Gauntlet | Identified the ring of Brilliance {Drain rC+++ rN+++ Will-
                  | AC+4}
 22261 | D:11     | Reached ***** piety under the Shining One
 23013 | D:12     | Reached skill level 1 in Air Magic
 23013 | D:12     | Reached skill level 13 in Earth Magic
 23903 | D:13     | Reached XP level 15. HP: 95/95 MP: 18/28
 25248 | D:13     | Identified the +3 leather armour of Givaex {rCorr Int+4}
 25394 | Orc:1    | Killed Jorgrun
 25395 | Orc:1    | Reached skill level 5 in Shields
 25839 | Orc:2    | Entered Level 2 of the Orcish Mines
 25844 | Orc:2    | Found a large runed translucent door.
 25844 | Orc:2    | Found a large runed translucent door.
 25847 | Orc:2    | Noticed lotum's ghost (adept HOCK)
 25990 | Orc:2    | Found a staircase to the Elven Halls.
 26470 | Orc:2    | Found Qoutir's Magic Scroll Emporium.
 26656 | Orc:2    | Bought a scroll of blinking for 112 gold pieces
 26707 | Orc:2    | Found Guer's Jewellery Shoppe.
 26707 | Orc:2    | Found Sitzik's Distillery.
 26707 | Orc:2    | Found Axzot's Distillery.
 26710 | Orc:2    | Found Atwigom's Book Emporium.
 26722 | Orc:2    | Bought the Codex of the World for 598 gold pieces
 27410 | Snake:1  | Entered Level 1 of the Snake Pit
 27942 | Snake:1  | Noticed Aizul
 27952 | Snake:1  | Killed Aizul
 27953 | Snake:1  | Reached skill level 14 in Earth Magic
 29007 | Snake:2  | Reached skill level 10 in Polearms
 29131 | Snake:2  | Noticed a nagaraja
 29141 | Snake:2  | Killed a nagaraja
 29142 | Snake:2  | Reached XP level 16. HP: 83/100 MP: 11/29
 29555 | Snake:2  | Reached ****** piety under the Shining One
 30511 | Snake:2  | You are sucked into a shaft and drop 1 floor!
 30589 | Snake:2  | Noticed Vashnia
 30642 | Snake:2  | Reached skill level 5 in Air Magic
 30659 | Snake:2  | Killed Vashnia
 31562 | Snake:2  | Reached skill level 15 in Earth Magic
 32093 | Snake:2  | Learned a level 6 spell: Iron Shot
 33664 | Snake:3  | Reached XP level 17. HP: 102/106 MP: 23/30
 34531 | Snake:4  | Entered Level 4 of the Snake Pit
 35808 | Snake:4  | Reached skill level 16 in Earth Magic
 36630 | Snake:4  | Reached skill level 10 in Shields
 37262 | Abyss:1  | Cast into level 1 of the Abyss (salamander)
 37465 | Abyss:1  | Noticed a dread lich
 37685 | Snake:4  | Escaped the Abyss
 38142 | Snake:4  | HP: 3/108 [naga sharpshooter/arrow (20)]
 38372 | Snake:4  | Noticed a quicksilver dragon
 38472 | Snake:4  | Noticed a quicksilver dragon
 38484 | Snake:4  | Killed a quicksilver dragon
 38585 | Snake:4  | Got a serpentine rune of Zot
 38775 | Shoals:1 | Entered Level 1 of the Shoals
 39153 | Shoals:1 | Reached XP level 18. HP: 109/115 MP: 13/31
 39504 | Shoals:1 | Reached skill level 17 in Earth Magic
 40769 | Shoals:2 | Noticed Polyphemus
 40867 | Shoals:1 | Killed Polyphemus
 43193 | Shoals:3 | Found a frozen archway.
 43231 | IceCv    | Entered an ice cave
 43581 | IceCv    | Identified the +0 robe of Fortitude {Stlth+}
 43599 | IceCv    | Reached skill level 18 in Earth Magic
 43762 | IceCv    | Identified a scroll of acquirement
 43767 | IceCv    | Identified the +2 leather armour "Vuzig" {rPois rF- rN+++
                  | SInv}
 44258 | IceCv    | Reached skill level 15 in Fighting
 45009 | Shoals:3 | Reached XP level 19. HP: 114/124 MP: 18/32
 45172 | Shoals:3 | Reached skill level 10 in Spellcasting
 46234 | Shoals:4 | Entered Level 4 of the Shoals
 46762 | Shoals:4 | Noticed Mlioglotl
 46984 | Shoals:4 | Killed Mlioglotl
 47183 | Shoals:4 | Found the ring of the Tortoise {AC+8}
 47570 | Shoals:4 | Identified Roxanne's Treatise on Transmogrification
 47570 | Shoals:4 | Noticed Roxanne
 47589 | Shoals:4 | Killed Roxanne
 48933 | Shoals:4 | Got a barnacled rune of Zot
 49059 | Shoals:4 | Got the Handbook of Command and Dark Arts
 49106 | Shoals:4 | Acquired 473 gold pieces
 49359 | Orc:2    | Killed lotum's ghost
 49502 | Elf:1    | Entered Level 1 of the Elven Halls
 49502 | Elf:1    | Found a runed translucent gate.
 49502 | Elf:1    | Found a runed translucent gate.
 49502 | Elf:1    | Found a runed translucent gate.
 49502 | Elf:1    | Found a runed translucent gate.
 49502 | Elf:1    | Found a runed translucent gate.
 49502 | Elf:1    | Found a runed translucent gate.
 49503 | Elf:1    | Found a runed translucent door.
 49512 | Elf:1    | Reached skill level 19 in Earth Magic
 49591 | Elf:1    | Found a runed translucent door.
 50083 | Elf:1    | Found a runed translucent gate.
 50083 | Elf:1    | Found a runed translucent gate.
 50083 | Elf:1    | Found a runed translucent gate.
 50083 | Elf:1    | Found a runed translucent gate.
 50083 | Elf:1    | Found a runed translucent gate.
 50085 | Elf:1    | Found a runed translucent gate.
 50113 | Elf:1    | Learned a level 5 spell: Lee's Rapid Deconstruction
 50409 | Elf:1    | Identified the +2 leather armour of Courage {Int+2}
 51165 | Elf:2    | Reached XP level 20. HP: 113/129 MP: 35/35
 51452 | Elf:2    | Found Vibud's Antique Weapon Boutique.
 51517 | Elf:2    | Found a runed translucent gate.
 51517 | Elf:2    | Found a runed translucent gate.
 51517 | Elf:2    | Found a runed translucent gate.
 52022 | Elf:2    | Reached skill level 10 in Conjurations
 52306 | Elf:3    | Entered Level 3 of the Elven Halls
 53043 | Elf:3    | Identified the ring "Cofoost" {rElec AC+4 Int+2}
 53612 | Elf:3    | Identified the +11 short sword of Coamp {flame, Str+2}
 53973 | Elf:3    | Identified the +7 morningstar "Syva Hack" {vorpal, rC+}
 53973 | Elf:3    | Identified the +2 robe "Rijae" {Harm Rampage}
 53973 | Elf:3    | Identified the ring "Wazio" {Int+6 Stlth+}
 54057 | Elf:3    | Reached skill level 15 in Shields
 54810 | Elf:3    | Identified the +2 quick blade "Beastbane" {protect, rN+
                  | Int+2 Dex+3 SInv}
 54844 | Elf:3    | Identified the +1 plate armour of Hedonism {Rampage rC-
                  | Dex+3 Slay+2}
 54859 | Elf:3    | Identified the +3 chain mail "Ahempik" {rF+ Int+4 SInv}
 54863 | Elf:3    | Got the Codex of Impurities and the Mausoleum
 55262 | D:14     | Reached skill level 20 in Earth Magic
 55403 | D:14     | Found a gate to the Vaults.
 55423 | D:14     | Reached XP level 21. HP: 132/134 MP: 32/36
 56416 | D:15     | Entered Level 15 of the Dungeon
 56609 | D:15     | Reached skill level 10 in Dodging
 56905 | D:15     | Found a staircase to the Depths.
 58066 | Vaults:1 | Entered Level 1 of the Vaults
 60426 | Vaults:1 | Reached skill level 21 in Earth Magic
 60818 | Vaults:1 | Found Biuqo's Book Emporium.
 60827 | Vaults:1 | Bought a manual of Conjurations for 1360 gold pieces
 60827 | Vaults:1 | Bought a book of Power for 714 gold pieces
 60985 | Vaults:1 | Reached XP level 22. HP: 140/140 MP: 19/38
 61139 | Vaults:1 | Identified the +2 hat of the Little Devil {Rampage rF-
                  | rC+++ Int-4}
 61918 | Vaults:2 | Reached skill level 22 in Earth Magic
 63381 | Vaults:2 | Reached skill level 23 in Earth Magic
 64950 | Vaults:3 | Found a staircase to the Crypt.
 64950 | Vaults:3 | Found a basalt altar of Yredelemnul.
 64951 | Vaults:3 | Found an ancient bone altar of Kikubaaqudgha.
 65428 | Vaults:3 | Reached skill level 24 in Earth Magic
 66202 | Vaults:4 | Found a crumbling gateway.
 66208 | Desolati | Entered the Desolation of Salt
 66707 | Desolati | Reached skill level 25 in Earth Magic
 66772 | Desolati | Got the Meditations on the Petrous Blizzard
 66930 | Desolati | Reached XP level 23. HP: 130/144 MP: 11/39
 66960 | Desolati | Identified the +5 morningstar of Indomitability {freeze,
                  | *Noise rElec rC+ Str+3}
 67366 | Desolati | Identified the ring of Xaytesys {MP+9 EV+4}
 67411 | Desolati | Identified the +1 trident of Vino {freeze, rElec rF+ Will-}
 67425 | Desolati | Identified the +1 helmet "Symeuxai" {Will- Str+7}
 67733 | Desolati | Got the Precepts of Shifting
 67734 | Desolati | Identified the +5 dire flail of Toikiph {vorpal, Int+2
                  | Stlth+}
 67741 | Desolati | Identified the ring of Timyxt {rElec rF++ rC- Str+6 Stlth+}
 67750 | Desolati | Identified the +10 glaive "Yvoqytz" {spect, rC+ rCorr Str-2
                  | Int+2}
 67834 | Desolati | Identified the ring of Ogro {rPois rN+ Str+4 Stlth-}
 68202 | Vaults:4 | Reached skill level 26 in Earth Magic
 69419 | Vaults:4 | Got the Incunable of the Dead and Spelunking
 69487 | Vaults:4 | Reached skill level 27 in Earth Magic
 69877 | Vaults:4 | Learned a level 9 spell: Shatter
 70144 | Depths:1 | Entered Level 1 of the Depths
 70185 | Depths:1 | Found Nyafo's Antique Weapon Boutique.
 70188 | Depths:1 | Found Uriyjub's Antique Weapon Boutique.
 70252 | Depths:1 | Found a bloodstained altar of Trog.
 70467 | Depths:1 | Found the +15 Maxwell's patent armour {-Cast -Tele rElec
                  | Will+ rCorr}
 70610 | Depths:1 | Found a gateway to Hell.
 71419 | Depths:2 | Found a one-way gateway to a ziggurat.
 71518 | Depths:2 | You are sucked into a shaft and drop 1 floor!
 71616 | Depths:2 | Found a one-way gate leading to the halls of Pandemonium.
 73116 | Depths:2 | Noticed a caustic shrike
 73132 | Depths:2 | Reached XP level 24. HP: 111/151 MP: 9/40
 73136 | Depths:2 | Killed a caustic shrike
 73791 | Depths:3 | Found Aligoh's Antique Weapon Shoppe.
 74283 | Depths:3 | Found a one-way gate to the infinite horrors of the Abyss.
 74361 | Depths:3 | Reached skill level 15 in Armour
 74493 | Depths:3 | Noticed a juggernaut
 74498 | Depths:3 | Killed a juggernaut
 74700 | Depths:3 | Identified the +0 plate armour "Inetsadaenk" {Int+4}
 75006 | Depths:3 | Noticed Margery
 75015 | Depths:3 | Killed Margery
 75550 | Depths:4 | Entered Level 4 of the Depths
 75631 | Depths:4 | Found Girchyud's Assorted Antiques.
 75657 | Depths:4 | Found Xyzuj's Armour Shop.
 75684 | Depths:4 | Reached skill level 15 in Spellcasting
 75709 | Depths:4 | Found a gate to the Realm of Zot.
 75763 | Depths:4 | Found a flickering gateway to a bazaar.
 75772 | Bazaar   | Entered a bazaar
 75878 | Bazaar   | Found Fanlaty's General Store.
 75886 | Bazaar   | Bought a potion of heal wounds for 80 gold pieces
 75886 | Bazaar   | Bought a scroll of teleportation for 48 gold pieces
 75889 | Bazaar   | Found Haegh's Book Shop.
 75897 | Bazaar   | Found Besojiop's Magic Scroll Shop.
 75909 | Bazaar   | Found Holaurr's Antique Armour Emporium.
 75917 | Bazaar   | Bought a glowing scarf for 144 gold pieces
 75917 | Bazaar   | Bought a pair of runed gloves for 135 gold pieces
 75917 | Bazaar   | Bought a glowing cloak for 135 gold pieces
 75922 | Bazaar   | Found Juzigru's Antique Weapon Boutique.
 76033 | Depths:4 | Noticed the Enchantress
 76036 | Depths:4 | Killed the Enchantress
 76515 | Depths:4 | Identified the +5 glaive of the Ghost {spect, rElec Str+3
                  | Dex+3}
 76599 | Depths:4 | Bought a potion of brilliance for 168 gold pieces
 76784 | Depths:4 | Acquired the amulet "Fonah" {RegenMP rN++ Will-}
 77190 | Slime:1  | Entered Level 1 of the Pits of Slime
 77717 | Slime:2  | Reached XP level 25. HP: 156/156 MP: 37/42
 78823 | Slime:3  | Gained mutation: You occasionally lose the ability to drink
                  | potions when taking damage. [a shining eye]
 80877 | Slime:5  | Entered Level 5 of the Pits of Slime
 81126 | Slime:5  | Noticed the Royal Jelly
 81601 | Slime:5  | Paralysed by a great orb of eyes for 4 turns
 82656 | Slime:5  | Killed the Royal Jelly
 82980 | Slime:5  | Identified the +5 scale mail "Vuenakh" {Str+6}
 83081 | Slime:5  | Identified the ring of the Open Hand {Will+ Dex+4}
 83085 | Slime:5  | Identified the +9 sling of Tohad {freeze, rF++ rC- Str+2
                  | Stlth+}
 83086 | Slime:5  | Identified the +3 triple sword of the Shining Light
                  | {freeze, rElec rC+++ rCorr Str-3}
 83117 | Slime:5  | Got a slimy rune of Zot
 83775 | Crypt:1  | Entered Level 1 of the Crypt
 84721 | Crypt:2  | Noticed an ancient lich
 84738 | Crypt:2  | Killed an ancient lich
 85150 | Crypt:2  | Reached XP level 26. HP: 161/161 MP: 38/45
 85514 | Crypt:3  | Entered Level 3 of the Crypt
 85514 | Crypt:3  | Found a staircase to the Tomb.
 85721 | Crypt:3  | Paralysed by a vampire knight for 3 turns
 85902 | Crypt:3  | Found a basalt altar of Yredelemnul.
 85935 | Crypt:3  | Noticed Jory
 85949 | Crypt:3  | Killed Jory
 86218 | Crypt:3  | Identified the +7 flail "Starlight" {freeze, rElec rF+}
 87055 | Vaults:5 | Entered Level 5 of the Vaults
 87066 | Vaults:5 | Identified the +9 flail "Iteujivu" {pain, Str+4}
 87084 | Vaults:5 | Noticed a dread lich
 87085 | Vaults:5 | Killed a dread lich
 87094 | Vaults:5 | Noticed a dread lich
 87095 | Vaults:5 | Reached XP level 27. HP: 166/166 MP: 8/46
 87167 | Vaults:5 | Paralysed by a dread lich for 2 turns
 87170 | Vaults:5 | Killed a dread lich
 87411 | Vaults:5 | Got a silver rune of Zot
 87479 | Vaults:5 | Identified the +1 ring mail of the Echidna {Str-2 Int+4}
 87804 | Vaults:5 | Identified the +0 plate armour of a bazaar {rPois}
 87818 | Vaults:5 | Found the +9 staff of Olgreb {rPois∞}
 87857 | Vaults:5 | Identified the +8 glaive of Accord {elec, rF+ Int+3}
 87995 | Vaults:5 | Identified the +6 shortbow "Jelat" {flame, rElec rC+}
 88214 | Vaults:5 | Learned a level 4 spell: Passage of Golubria
 88574 | Zot:1    | Entered Level 1 of the Realm of Zot
 89953 | Zot:2    | Found the +7 sceptre of Torment {pain, torment}
 89964 | Zot:2    | Identified the +1 leather armour "Ucugeuw" {Drain rF+ Int+3
                  | Dex+9}
 90012 | Zot:2    | Reached skill level 15 in Conjurations
 90547 | Zot:2    | Reached skill level 15 in Polearms
 94015 | Zot:3    | Reached skill level 1 in Summonings
 94659 | Zot:3    | Found a transporter.
 94659 | Zot:3    | Noticed a dread lich
 94660 | Zot:3    | Noticed an ancient lich
 94940 | Zot:3    | Found a transporter.
 94944 | Zot:3    | Noticed Kawoqao's ghost (legendary MiBe)
 95043 | Zot:3    | Found Gyxeg's Changing Room.
 95059 | Zot:3    | Bought 2 potions of mutation for 192 gold pieces
 95360 | Zot:3    | Lost mutation: You occasionally lose the ability to drink
                  | potions when taking damage. [potion of mutation]
 95360 | Zot:3    | Gained mutation: You possess an exceptional clarity of
                  | mind. [potion of mutation]
 95360 | Zot:3    | Gained mutation: Your spells are a little harder to cast,
                  | but a little more powerful. [potion of mutation]
 95360 | Zot:3    | Gained mutation: Your mind is acute. (Int +4, Str/Dex -1)
                  | [potion of mutation]
 95360 | Zot:3    | Gained mutation: Your spells are harder to cast, but more
                  | powerful. [potion of mutation]
 95547 | Zot:3    | Killed a dread lich
 95548 | Zot:3    | Reached skill level 5 in Summonings
 95549 | Zot:3    | Killed an ancient lich
 95581 | Zot:3    | Killed Kawoqao's ghost
 95856 | Zot:4    | Noticed an orb of fire
 95863 | Zot:4    | Killed an orb of fire
 95881 | Zot:4    | Identified the ring of Seoweif {Ice rN+}
 95881 | Zot:4    | Noticed Josephina
 95882 | Zot:4    | Killed Josephina
 96408 | Zot:4    | Found the +4 dragonskin cloak
 96408 | Zot:4    | Noticed Tiamat
 96670 | Zot:5    | Entered Level 5 of the Realm of Zot
 96909 | Zot:5    | Learned a level 7 spell: Spellforged Servitor
 96915 | Zot:5    | Learned a level 5 spell: Summon Forest
 96922 | Zot:5    | Learned a level 6 spell: Summon Cactus Giant
 97335 | Zot:5    | Noticed a dread lich
 97338 | Zot:5    | Killed a dread lich
 97350 | Zot:5    | Noticed a dread lich
 97498 | Zot:5    | Killed a dread lich
 97719 | Zot:5    | Noticed a dread lich
 97730 | Zot:5    | Killed a dread lich
 97750 | Zot:5    | Reached skill level 10 in Summonings
 97863 | Zot:5    | Noticed a dread lich
 97868 | Zot:5    | Killed a dread lich
 97889 | Zot:5    | Noticed an orb of fire
 97891 | Zot:5    | Gained mutation: You are vulnerable to heat. (rF-) [an orb
                  | of fire]
 97894 | Zot:5    | Killed an orb of fire
 97896 | Zot:5    | Lost mutation: You possess an exceptional clarity of mind.
                  | [potion of mutation]
 97896 | Zot:5    | Lost mutation: You are vulnerable to heat. (rF-) [potion of
                  | mutation]
 97896 | Zot:5    | Lost mutation: Your spells are harder to cast, but more
                  | powerful. [potion of mutation]
 97896 | Zot:5    | Gained mutation: You are agile. (Dex +4, Str/Int -1)
                  | [potion of mutation]
 97896 | Zot:5    | Gained mutation: Potions are less effective at restoring
                  | your health. [potion of mutation]
 97896 | Zot:5    | Gained mutation: You have a pair of small horns on your
                  | head. [potion of mutation]
 97897 | Zot:5    | Lost mutation: Your mind is acute. (Int +4, Str/Dex -1)
                  | [potion of mutation]
 97897 | Zot:5    | Lost mutation: Your spells are a little harder to cast, but
                  | a little more powerful. [potion of mutation]
 97897 | Zot:5    | Lost mutation: Potions are less effective at restoring your
                  | health. [potion of mutation]
 97897 | Zot:5    | Gained mutation: You have sharp toenails. [potion of
                  | mutation]
 97897 | Zot:5    | Lost mutation: You have sharp toenails. [potion of
                  | mutation]
 97897 | Zot:5    | Gained mutation: You occasionally lose the ability to drink
                  | potions when taking damage. [potion of mutation]
 97898 | Zot:5    | Lost mutation: You occasionally lose the ability to drink
                  | potions when taking damage. [potion of mutation]
 97898 | Zot:5    | Lost mutation: You are agile. (Dex +4, Str/Int -1) [potion
                  | of mutation]
 97898 | Zot:5    | Lost mutation: You have a pair of small horns on your head.
                  | [potion of mutation]
 97898 | Zot:5    | Gained mutation: You are clumsy. (Dex -2) [potion of
                  | mutation]
 97898 | Zot:5    | Gained mutation: You have an increased reservoir of magic.
                  | (+10% MP) [potion of mutation]
 98485 | Zot:5    | Noticed an orb of fire
 98485 | Zot:5    | Noticed an orb of fire
 98510 | Zot:5    | Gained mutation: You are vulnerable to heat. (rF-) [an orb
                  | of fire]
 98511 | Zot:5    | Gained mutation: You occasionally lose the ability to read
                  | scrolls when taking damage. [an orb of fire]
 98513 | Zot:5    | Gained mutation: Your spells are a little easier to cast,
                  | but a little less powerful. [an orb of fire]
 98514 | Zot:5    | Killed an orb of fire
 98514 | Zot:5    | Gained mutation: You are frail. (-10% HP) [an orb of fire]
 98515 | Zot:5    | Noticed an orb of fire
 98523 | Zot:5    | Gained mutation: You occasionally lose the ability to drink
                  | potions when taking damage. [an orb of fire]
 98528 | Zot:5    | Killed from afar by an orb of fire

Illustrated notes

Levels and vault maps discovered:
D:1:      evilmike_arrival_come_back, layout_basic, serial_shops,
          nicolae_square_shop, minivault_4
D:2:      layout_loops_ring, hellmonk_ecumenical_altar_crossroads,
          kennysheep_generic_room_13, uniq_sigmund
D:3:      layout_loops_ring, lemuel_round_altar, gammafunk_ghost_grave,
          serial_shops, nicolae_square_shop, shop,
          nicolae_shop_competitors_out_of_business, nicolae_lakefront_shop,
          nicolae_shop_behind_doors, kennysheep_generic_room_15, uniq_natasha
D:4:      layout_basic, lemuel_coloured_pillars_altar,
          mainiacjoe_overflow_divided_tiny, minivault_27, hex_large,
          grunt_ministairs_6, kennysheep_generic_room_16, uniq_pikel,
          uniq_menkaure
D:5:      layout_basic, mainiacjoe_overflow_tiny_flanked,
          general_overflow_altar, minmay_misc_feat_pillars
D:6:      layout_basic, minmay_temple_entry_statues_pillars,
          nicolae_figureground_sparkle
D:7:      layout_loops_ring, tso_altar, minmay_tree_intersection, uniq_duvessa
D:8:      layout_cave_pods, elyvilon_altar_5
D:9:      kennysheep_big_flooded_room, layout_rooms, nicolae_elemental_shop,
          kennysheep_generic_room_2
D:10:     layout_loops_ring, mainiacjoe_overflow_boulevard, slow_altar_2,
          dpeg_oklobed_lair, erik_orc_1, uniq_grum
D:11:     minmay_ornate_pinched, layout_gridville, gauntlet_entry_generic
D:12:     layout_loops_ring, serial_bayou_ford_a
D:13:     nicolae_cairo_tiling_large, layout_basic,
          chequers_serial_rivers_micro_a, minmay_pinched_square
D:14:     layout_long_grid, erik_vaults_2, kennysheep_cluttered_room,
          minmay_misc_feat_more_columns
D:15:     gammafunk_enter_depths_forms, layout_stronghold,
          hangedman_abyss_or_decor_stabs
Lair:1:   layout_gridlike, basic_altar, uniq_joseph, uniq_sonja
Lair:2:   kb_forest_paths, layout_long_grid, elwin_shoals_entry_rocks,
          mumra_transporter_accident, beast_lair_carwin_11
Lair:3:   layout_gridlike, minmay_snake_entry_guardpost_small
Lair:4:   layout_small_grid, minmay_slime_entry_jelly_boxes,
          guppyfry_lair_drakes
Lair:5:   evilmike_catoblepas_cave, layout_loops_ring
Shoals:1: layout_shoals
Shoals:2: layout_shoals, uniq_polyphemus
Shoals:3: layout_shoals, portal_ice_cave_entry_pillars_2
Shoals:4: shoals_end_simple, layout_shoals, nicolae_shoals_lost_giant_hut,
          nicolae_shoals_elemental_ambush, uniq_mlioglotl, uniq_roxanne
Snake:1:  layout_grid_maze, uniq_aizul
Snake:2:  cheibrodos_snake_lava_hold, layout_chambers, drop_trap, uniq_vashnia
Snake:3:  layout_chambers, grunt_megastairs_5
Snake:4:  hellmonk_snake_rune_quicksilver_temple, layout_gridlike,
          grunt_ministairs_7, nicolae_snake_springs
Slime:1:  cheibrodos_slime_lost_civilization_10, layout_caves
Slime:2:  layout_caves
Slime:3:  cheibrodos_slime_lost_civilization_9, layout_caves
Slime:4:  layout_caves
Slime:5
Orc:1:    layout_caves, basic_altar, nicolae_orc_flooded_monolith, uniq_jorgrun
Orc:2:    st_orc_rangers, layout_diamond_mine, ebering_ghost_disaster_area,
          serial_shops, nicolae_shop_temple_entry_statues_fountains,
          special_room
Elf:1:    nicolae_elf_arrival_dilemma, layout_loops_cross, orc_legates
Elf:2:    nicolae_elf_blades_splatter_lattice [grunt_blade_entry_basic],
          layout_geoelf_diagonals, serial_shops, nicolae_shop_stone,
          eino_tiny_chamber
Elf:3:    minmay_elf_hall_quartered_circle, layout_onion_city
Vaults:1: v_pattern_5, ontoclasm_vaults_idyll, v_misc_5,
          nicolae_vaults_network_quinsquares
          [nicolae_vaults_network_quincunx_subvault,
          nicolae_vaults_network_quincunx_subvault,
          nicolae_vaults_network_quincunx_subvault,
          nicolae_vaults_network_quincunx_subvault], vaults_room_fancy_cross,
          nicolae_vaults_circle_grid_b, vaults_room_door_hall,
          vaults_standard_mumra_lines, vaults_dpeg_spiral, v_misc_23,
          nicolae_vaults_murderbox, nicolae_vaults_three_branches,
          nicolae_vaults_diagonal_hallway_6, v_misc_17,
          nicolae_vaults_little_squares_4, layout_vaults_maze, serial_shops,
          nicolae_shop_hallway_stairs
Vaults:2: nicolae_vaults_asterisk, hangedman_vaults_unwind, v_misc_31,
          vaults_room_fours, vaults_room_pool, ontoclasm_vaults_loading_screen,
          vaults_room_door_hall, v_misc_19, layout_vaults_chaotic_city
Vaults:3: minmay_crypt_entry_necro_gods, hangedman_vaults_capsules,
          vaults_dpeg_ring, hangedman_vaults_stagger, v_alt_pattern_4,
          nicolae_vaults_little_squares_6, vaults_mumra_lcd,
          layout_vaults_omnigrid
Vaults:4: portal_desolation_entry_nicolae_slug, vaults_mumra_minichess,
          v_alt_pattern_3, hangedman_vaults_stitches, vaults_room_door_ring,
          nicolae_vaults_stairing_the_circle, st_star, v_alt_pattern_6,
          ontoclasm_vaults_ring_large, v_rooms_2, hangedman_vaults_nails,
          ontoclasm_vaults_fault, vaults_room_hallway, vaults_room_hallway,
          vaults_room_pools, vaults_dpeg_diagonal, vaults_dpeg_cross,
          layout_vaults_big_cross
Vaults:5
Crypt:1:  layout_misc_corridors, item_on_display_a,
          grunt_crypt_arrival_guarded_gate, grunt_megastairs_3,
          lemuel_upstairs_altar
Crypt:2:  layout_chaotic_city
Crypt:3:  church_of_pain_bobbens, layout_chaotic_city
Depths:1: layout_honeycomb, hangedman_decor_slide_cut, hell_entry, bloody_trog,
          minmay_shop_star
Depths:2: minmay_slanted_spiral_squares, layout_gridville, enter_ziggurat_a,
          serial_sigils, serial_sigils_hangedman_gnaw,
          serial_sigils_hangedman_confine, serial_sigils_hangedman_writhe,
          serial_sigils_hangedman_shear, serial_sigils_hangedman_stare,
          rand_demon_pan_entry_3, hell_entry
Depths:3: cheibrodos_hall_of_evolution, layout_gridlike, abyss_entry_crystal,
          grunt_metal_band, serial_shops, nicolae_shop_trees,
          serial_corexii_hall, chequers_hall_statues_wall_a,
          corexii_hall_statues_deadend
Depths:4: grunt_crosshair, layout_gridville, hell_entry, serial_shops,
          bzr_entry_dummy, nicolae_shop_stone, shop_fountains, uniq_enchantress
Zot:1:    layout_twisted_circle
Zot:2:    infiniplex_zot_generator, layout_onion_interference,
          hangedman_swamp_dais
Zot:3:    layout_twisted_circle, gammafunk_ghost_mausoleum,
          nicolae_transmutations_shop, hangedman_spider_trapstep
Zot:4:    layout_basic, grunt_megastairs_2, uniq_josephina, uniq_tiamat
Zot:5:    layout_misc_corridors, grunt_ministairs_11

Skill      XL: |  1  2  3  4  5  6  7  8  9 10 11 12 13 14 15 16 17 18 19 20 21 22 23 24 25 26 27 |
---------------+----------------------------------------------------------------------------------+-----
Transmutations | 1 |  1.0
Earth Magic    | 4 5 6 7 8 9 10 12 13 14 15 16 18 19 20 21 25 27 | 27.0
Fighting       | 1 2 3 4 5 7 8 9 10 11 13 15 16 | 16.9
Dodging        | 2 3 4 5 6 7 8 9 10 13 | 13.2
Conjurations   | 1 2 3 4 5 6 7 9 10 12 17 | 17.1
Spellcasting   | 3 4 5 6 7 8 9 11 12 13 15 18 19 20 | 20.5
Armour         | 2 4 5 6 8 9 10 11 12 14 17 19 22 23 | 23.7
Polearms       | 1 3 4 5 6 7 8 10 11 12 15 | 15.9
Translocations | 3 4 |  4.8
Invocations    | 3 5 6 8 9 |  9.8
Shields        | 4 6 9 11 13 14 15 16 | 16.0
Air Magic      | 1 4 5 |  5.2
Stealth        | 3 |  3.5
Summonings     | 11 | 11.8

Action                   |  1- 3 |  4- 6 |  7- 9 | 10-12 | 13-15 | 16-18 | 19-21 | 22-24 | 25-27 || total
-------------------------+-------+-------+-------+-------+-------+-------+-------+-------+-------++-------
Melee: Unarmed           |     5 |     1 |       |       |       |       |       |       |       ||     6
       Dagger            |       |     4 |     5 |       |       |       |       |       |       ||     9
       Whip              |       |     2 |       |       |       |       |       |       |       ||     2
       Lance             |       |       |    61 |   523 |   949 |  1419 |  2182 |  1885 |  1716 ||  8735
       Punch             |       |       |       |    10 |     5 |       |       |       |       ||    15
 Cast: Sandblast         |    36 |    79 |    31 |    46 |    10 |       |     1 |       |     3 ||   206
       Passwall          |     1 |       |       |       |     5 |     9 |       |       |       ||    15
       Stone Arrow       |       |       |    30 |   151 |   395 |   632 |   239 |    43 |    15 ||  1505
       Blink             |       |       |       |     7 |     9 |    14 |     6 |     5 |     4 ||    45
       Swiftness         |       |       |       |       |       |     3 |       |     1 |     3 ||     7
       Iron Shot         |       |       |       |       |       |     4 |   176 |   283 |   222 ||   685
       Lee's Rapid Decon |       |       |       |       |       |       |       |    78 |    22 ||   100
       Shatter           |       |       |       |       |       |       |       |    28 |   230 ||   258
       Passage of Golubr |       |       |       |       |       |       |       |       |    10 ||    10
       Summon Forest     |       |       |       |       |       |       |       |       |     1 ||     1
       Summon Cactus Gia |       |       |       |       |       |       |       |       |     1 ||     1
Invok: Divine Shield     |       |       |       |       |     2 |     1 |     2 |       |     2 ||     7
       Summon Divine War |       |       |       |       |       |       |       |       |     3 ||     3
Evoke: Wand              |       |       |       |     1 |     3 |     1 |     4 |     5 |     3 ||    17
       Lightning rod     |       |       |       |       |     8 |     8 |     4 |       |       ||    20
       Condenser vane    |       |       |       |       |     1 |     1 |       |       |       ||     2
       Phantom mirror    |       |       |       |       |       |     1 |     1 |       |     1 ||     3
  Use: Scroll            |     1 |       |       |    12 |     8 |     8 |     4 |     4 |     7 ||    44
       Potion            |       |       |       |       |     5 |     4 |     3 |     2 |    10 ||    24
 Stab: Sleeping          |       |       |     1 |     1 |       |       |       |       |       ||     2
Armor: Robe              |     8 |     2 |       |       |       |       |       |       |       ||    10
       Leather armour    |       |    10 |    54 |    33 |       |       |       |       |       ||    97
       Troll leather arm |       |       |       |   182 |   334 |       |       |       |       ||   516
       Scale mail        |       |       |       |       |   277 |   995 |   958 |   892 |   504 ||  3626
       Acid dragon scale |       |       |       |       |       |       |       |    10 |   488 ||   498
Dodge: Dodged            |    16 |    22 |    90 |   295 |   600 |   615 |   574 |   715 |   983 ||  3910
Block: Other             |       |       |       |       |     7 |       |       |       |       ||     7
       Kite shield       |       |       |       |       |   397 |  1113 |  1182 |  1138 |  1129 ||  4959

Table legend: (Time is in decaauts)
 A = Elapsed time spent in this place.
 B = Non-inter-level travel time spent in this place.
 C = Inter-level travel time spent in this place.
 D = Time resting spent in this place.
 E = Time spent auto-exploring this place.
 F = Levels seen in this place.
 G = Mean time per level.
                   A        B        C        D        E       F      G
               +--------+--------+--------+--------+--------+-----+--------+
         Total |  95565 |  88329 |   7236 |  22509 |  46394 |  60 | 1592.8 |
       Dungeon |  19547 |  16701 |   2846 |   2108 |  11880 |  15 | 1303.1 |
          Lair |   9383 |   8526 |    857 |   3102 |   3367 |   5 | 1876.6 |
        Shoals |   7836 |   7393 |    443 |   2675 |   2984 |   4 | 1959.0 |
     Snake Pit |  10820 |  10263 |    557 |   3705 |   4277 |   4 | 2705.0 |
    Slime Pits |   6044 |   5786 |    258 |   3001 |   1916 |   5 | 1208.8 |
  Orcish Mines |   2037 |   1909 |    128 |    197 |   1280 |   2 | 1018.5 |
   Elven Halls |   5216 |   4738 |    478 |   1359 |   2016 |   3 | 1738.7 |
        Vaults |  11072 |  10336 |    736 |   1392 |   6933 |   5 | 2214.4 |
         Crypt |   2830 |   2701 |    129 |    185 |   1698 |   3 |  943.3 |
        Depths |   6406 |   5906 |    500 |    847 |   3793 |   4 | 1601.5 |
           Zot |   9628 |   9327 |    301 |   2276 |   4970 |   5 | 1925.6 |
         Abyss |    404 |    404 |      0 |     42 |      0 |   1 |  404.0 |
        Bazaar |    186 |    186 |      0 |      0 |    143 |   1 |  186.0 |
      Ice Cave |   1409 |   1409 |      0 |    671 |    227 |   1 | 1409.0 |
    Desolation |   1526 |   1526 |      0 |    625 |    409 |   1 | 1526.0 |
      Gauntlet |   1215 |   1215 |      0 |    318 |    501 |   1 | 1215.0 |
               +--------+--------+--------+--------+--------+-----+--------+

Top non-repeatable levels by time:
   Zot:2: 4533 daAuts
 Snake:3: 3522 daAuts
 Snake:2: 3129 daAuts
Vaults:1: 2831 daAuts
Vaults:3: 2587 daAuts
   Elf:2: 2381 daAuts
Vaults:4: 2368 daAuts
  Lair:2: 2358 daAuts
 Snake:4: 2340 daAuts
    D:10: 2317 daAuts
Depths:2: 2292 daAuts
Shoals:4: 2244 daAuts
Vaults:2: 2242 daAuts
  Lair:5: 2241 daAuts
Shoals:1: 2202 daAuts
